 Dungeon Crawl Stone Soup version 0.19.0-22-gd96e5fe (webtiles) character file.

70 vev the Chopper (level 4, 0/37 HPs)
             Began as a Minotaur Gladiator on Nov 19, 2016.
             Slain by Natasha (8 damage)
             ... on level 2 of the Dungeon.
             The game lasted 00:00:51 (805 turns).

vev the Chopper (Minotaur Gladiator)                 Turns: 805, Time: 00:00:51

Health: 0/37       AC:  3    Str: 19    XL:     4   Next: 3%
Magic:  3/3        EV: 13    Int:  5    God:
Gold:   54         SH:  0    Dex: 12    Spells: 0 memorised, 3 levels left

rFire  . . .     SeeInvis .     a - +0 war axe
rCold  . . .     Gourm    .     b - +0 leather armour
rNeg   . . .     Faith    .     (no shield)
rPois  .         Spirit   .     c - +0 hat
rElec  .         Reflect  .     (no cloak)
rCorr  .         Harm     .     (no gloves)
MR     .....                    (no boots)
Stlth  +.........               (no amulet)
                                (no ring)
                                (no ring)

@: slowed, very slow
A: retaliatory headbutt, horns 2
a: no special abilities


You were on level 2 of the Dungeon.
You were not hungry.

You visited 1 branch of the dungeon, and saw 2 of its levels.

You collected 54 gold pieces.

Inventory:

Hand Weapons
 a - a +0 war axe (weapon)
Missiles
 d - 3 throwing nets (quivered)
Armour
 b - a +0 leather armour (worn)
 c - a +0 hat (worn)
Jewellery
 o - a +6 ring of protection {unknown}
 q - an uncursed ring of fire {unknown}
Scrolls
 g - 2 scrolls of fear {unknown}
 j - a scroll of identify {unknown}
 m - a scroll of teleportation {unknown}
 p - a scroll of remove curse {unknown}
Potions
 e - a potion of resistance {unknown}
 h - a potion of lignification {unknown}
 k - a potion of cure mutation {unknown}
 n - a potion of might {unknown}
Comestibles
 f - 2 bread rations
 i - a royal jelly
 l - 4 chunks of flesh


   Skills:
 + Level 2.9 Fighting
 * Level 4.7 Axes
 - Level 2.0 Throwing
 + Level 2.2 Armour
 + Level 3.7 Dodging


You had 3 spell levels left.
You didn't know any spells.

Dungeon Overview and Level Annotations

Branches:
Dungeon (2/15)

Altars:
Yredelemnul

Annotations:
D:2 Natasha, Terence


Innate Abilities, Weirdness & Mutations

You reflexively headbutt those who attack you in melee.
You have a pair of horns on your head.


Message History

* * * LOW HITPOINT WARNING * * *
You closely miss Natasha. You headbutt Natasha.
Natasha is heavily wounded.
Natasha closely misses you. You furiously retaliate!
You headbutt Natasha, but do no damage.
Unknown command.
You closely miss Natasha. You headbutt Natasha.
Natasha is severely wounded.
Natasha claws you!
* * * LOW HITPOINT WARNING * * *
You barely miss Natasha.
Natasha is severely wounded.
Natasha closely misses you.
Natasha stares at you and mumbles some strange words.
You feel yourself slow down.
You barely miss Natasha. Your headbutt misses Natasha.
Natasha is severely wounded.
Terence shouts, "DIE!!!"
Natasha claws you!
You die...

. #### #.###.... #. #..
....!....
###.###.#####......#.
...............)......
...#.#...#####..##..#
.............@......#.
...........)(.........
######.######...#.##.
#.....@h@...$.......
.#########.##.###..##..#.##.
............................
#.#######......#.P.P....####.
#................._......
#.#######........P(P.#..##
...............#.....#..#
...######............. .#
....#####.###..####


You could see Terence and Natasha.

Vanquished Creatures
  Natasha (D:2)
  An adder (D:2)
  An ooze (D:1)
  A worm (D:2)
  2 leopard geckos (D:1)
  A bat (D:2)
  2 giant cockroaches (D:1)
  4 hobgoblins
  4 jackals (D:2)
  5 kobolds
  3 frilled lizards (D:1)
  2 rats
27 creatures vanquished.

Notes
Turn   | Place    | Note
-------+----------+-------------------------------------------
     0 | D:1      | vev the Minotaur Gladiator began the quest for the Orb.
     0 | D:1      | Reached XP level 1. HP: 18/18 MP: 0/0
   199 | D:1      | Reached XP level 2. HP: 12/25 MP: 1/1
   459 | D:1      | Reached skill level 1 in Armour
   472 | D:1      | Reached skill level 4 in Axes
   752 | D:2      | Found a basalt altar of Yredelemnul.
   767 | D:2      | Reached XP level 3. HP: 22/30 MP: 2/2
   780 | D:2      | Noticed Natasha
   785 | D:2      | Killed Natasha
   785 | D:2      | Reached skill level 2 in Armour
   786 | D:2      | Reached XP level 4. HP: 13/37 MP: 3/3
   787 | D:2      | Noticed Terence
   797 | D:2      | Noticed Natasha
   805 | D:2      | Slain by Natasha

Skill      XL: |  1  2  3 |
---------------+----------+-----
Armour         | 1 2 |  2.2
Axes           | 4 |  4.7
Fighting       | |  2.9
Throwing       | |  2.0
Dodging        | |  3.7

Action                   |  1- 3 |  4- 6 || total
-------------------------+-------+-------++-------
Melee: War axe           |    50 |     8 ||    58
       Headbutt          |     5 |     3 ||     8
Armor: Leather armour    |    11 |     3 ||    14
Dodge: Dodged            |    43 |     4 ||    47
